 Dungeon Crawl Stone Soup version 0.22-a0-32-ga749362 (webtiles) character file.

142 torrenera the Slasher (level 5, -5/42 HPs)
             Began as a Demonspawn Fighter on Jan 3, 2018.
             Killed by nerve-wracking pain
             ... invoked by Grinder
              (11 damage)
             ... on level 3 of the Dungeon.
             The game lasted 00:03:57 (2374 turns).

torrenera the Slasher (Demonspawn Fighter)          Turns: 2374, Time: 00:03:58

Health: -5/42      AC: 12    Str: 22    XL:     5   Next: 3%
Magic:  5/5        EV: 10    Int: 10    God:
Gold:   128        SH:  9    Dex: 17    Spells: 4/4 levels left

rFire    . . .     SeeInvis .   a - +0 long sword
rCold    . . .     Gourm    .   c - +0 shield
rNeg     . . .     Faith    .   h - +0 chain mail
rPois    .         Spirit   .   (no helmet)
rElec    .         Reflect  .   q - +0 cloak
rCorr    .         Harm     .   (no gloves)
MR       .....                  (no boots)
Stlth    +.........             (no amulet)
HPRegen  0.14/turn              (no ring)
MPRegen  0.09/turn              (no ring)

@: mighty, agile, flying, very slightly contaminated, invisible
A: claws 1, molten scales 1, nightstalker 1
a: no special abilities


You were on level 3 of the Dungeon.
You were not hungry.

You visited 1 branch of the dungeon, and saw 3 of its levels.

You collected 128 gold pieces.

Inventory:

Hand Weapons
 a - a +0 long sword (weapon)
Missiles
 e - 135 stones (quivered)
Armour
 c - a +0 shield (worn)
 h - a +0 chain mail (worn)
 q - a +0 cloak (worn)
Jewellery
 n - a +4 ring of strength {unknown}
 p - an uncursed amulet of faith {unknown}
Scrolls
 b - a scroll of immolation {unknown}
 j - 3 scrolls of remove curse {unknown}
 k - 2 scrolls of amnesia {unknown}
 l - 4 scrolls of identify {unknown}
 m - 2 scrolls of teleportation {unknown}
 o - a scroll of fog {unknown}
 t - a scroll of fear {unknown}
 u - a scroll of enchant weapon {unknown}
Potions
 i - 2 potions of flight
Comestibles
 f - 7 rations
 s - 3 chunks of flesh


   Skills:
 + Level 3.9 Fighting
 * Level 4.2 Long Blades
 - Level 2.6 Armour
 - Level 2.6 Shields


You had 4 spell levels left.
You didn't know any spells.

Dungeon Overview and Level Annotations

Branches:
Dungeon (3/15)

Altars:
Yredelemnul

Annotations:
D:3 Grinder


Innate Abilities, Weirdness & Mutations

You have sharp fingernails.
You are partially covered in molten scales. (AC +2)
You are slightly more attuned to the shadows.


Message History

Grinder is heavily wounded.
Grinder blinks!
The kobold throws a stone.
The stone misses you.
The kobold throws a stone.
The stone barely misses you. Grinder gestures at you.
You suddenly lose the ability to move!
A hobgoblin comes into view.
The hobgoblin shouts!
The kobold throws a stone.
The stone hits you but does no damage.
The kobold throws a stone.
The stone hits you but does no damage.
The hobgoblin shouts!
The hobgoblin shouts!
Grinder barely misses you.
You can move again.
You closely miss Grinder.
Grinder is heavily wounded.
The hobgoblin shouts!
The kobold throws a stone.
The stone closely misses you. Grinder gestures at you.
Pain shoots through your body!
You die...

.# #.# .. #.# .# .##
#.# #.# ..## #.# ...
...######.######.#
...............#.#
.#........####.#.####.#
.####.##### #..5..Kg..
.# #.# ###@####. .# #.#
#....$.# .# #.#
######## .# .# #.# #.#
.# #.# #.# .# #.. #.#
.. <# #.# ###.#
#######.# ....#
#.......#


You could see Grinder, a hobgoblin and a kobold.

Vanquished Creatures
  Crazy Yiuf (D:2)
  2 adders (D:2)
  4 gnolls (D:2)
  An ooze (D:3)
  2 leopard geckos (D:1)
  An orc (D:3)
  7 bats
  2 giant cockroaches
  6 hobgoblins
  4 jackals (D:1)
  8 kobolds
  5 frilled lizards (D:1)
  5 goblins
  3 rats
51 creatures vanquished.

Notes
Turn   | Place    | Note
-------+----------+-------------------------------------------
     0 | D:1      | torrenera the Demonspawn Fighter began the quest for the Orb.
     0 | D:1      | Reached XP level 1. HP: 18/18 MP: 1/1
    63 | D:1      | Reached skill level 2 in Long Blades
   187 | D:1      | Gained mutation: You have sharp fingernails. [demonic ancestry]
   187 | D:1      | Reached XP level 2. HP: 24/24 MP: 2/2
   742 | D:1      | Gained mutation: You are partially covered in molten scales. (AC +2) [demonic ancestry]
   742 | D:1      | Reached XP level 3. HP: 29/29 MP: 3/3
  1145 | D:2      | Found a basalt altar of Yredelemnul.
  1241 | D:2      | Found a runed door.
  1587 | D:2      | Reached skill level 3 in Long Blades
  1635 | D:2      | Gained mutation: You are slightly more attuned to the shadows. [demonic ancestry]
  1635 | D:2      | Reached XP level 4. HP: 23/37 MP: 4/4
  2037 | D:2      | Noticed Crazy Yiuf
  2045 | D:2      | Killed Crazy Yiuf
  2045 | D:2      | Reached skill level 4 in Long Blades
  2302 | D:3      | Reached XP level 5. HP: 41/42 MP: 5/5
  2347 | D:3      | Noticed Grinder
  2369 | D:3      | Paralysed by Grinder for 5 turns
  2374 | D:3      | Killed from afar by Grinder

Vault maps used:
D:1:      tarquinn_simple_flora_water_d, minmay_tromino_mix6
D:2:      yredelemnul_altar_generic, first_ration, uniq_crazy_yiuf_cottage
D:3:      uniq_grinder

Skill      XL: |  1  2  3  4 |
---------------+-------------+-----
Long Blades    | 2 3 4 |  4.2
Fighting       | |  3.9
Armour         | |  2.6
Shields        | |  2.6

Action                   |  1- 3 |  4- 6 || total
-------------------------+-------+-------++-------
Melee: Long sword        |   164 |    58 ||   222
  Use: Potion            |       |     4 ||     4
  Eat: Chunk             |     1 |     4 ||     5
Armor: Chain mail        |   145 |    33 ||   178
       Scale mail        |     2 |       ||     2
Dodge: Dodged            |    42 |    16 ||    58
Block: Shield            |    98 |    28 ||   126
       Rpst.: Long sword |    16 |     3 ||    19

Table legend:
 A = Spawn XP
 B = Non-spawn XP
 C = Spawn XP percentage of total XP
 D = Spawn monster count
 E = Non-spawn monster count
 F = Spawn count percentage of total count
 G = Total turns spent on level
                    A         B        C        D         E        F      G
               +---------+---------+-------+---------+---------+-------+---------
         Total |       0 |     203 |   0.0 |       0 |      51 |   0.0 |  2374
               +---------+---------+-------+---------+---------+-------+---------
           D:1 |       0 |      49 |   0.0 |       0 |      29 |   0.0 |  1092
           D:2 |       0 |     138 |   0.0 |       0 |      16 |   0.0 |   985
           D:3 |       0 |      16 |   0.0 |       0 |       6 |   0.0 |   297
               +---------+---------+-------+---------+---------+-------+---------
